 Dungeon Sprint DCSS version 0.21.1-1-g345015f (webtiles) character file.

1261 Fang the Fighter (level 8, -5/85 HPs)
             Began as a Minotaur Berserker on Apr 24, 2018.
             Was an Elder of Trog.
             Slain by a shadow wraith (17 damage)
             ... in the Dungeon (Sprint V: "Ziggurat Sprint") on Apr 25, 2018.
             The game lasted 00:01:41 (217 turns).

Fang the Fighter (Minotaur Berserker)                Turns: 217, Time: 00:01:42

Health: -5/85      AC: 18    Str: 31    XL:     8   Next: 27%
Magic:  7/7        EV:  8    Int:  4    God:    Trog [****..]
Gold:   0          SH: 18    Dex: 14    Spells: 7/7 levels left

rFire    . . .     SeeInvis .   m - +9 demon trident
rCold    . . .     Gourm    .   k - +3 large shield
rNeg     + . .     Faith    .   j - +5 shadow dragon scales
rPois    .         Spirit   .   (helmet restricted)
rElec    .         Reflect  .   (no cloak)
rCorr    .         Harm     .   (no gloves)
MR       .....     NoTele   +   (no boots)
Stlth    ++........             (no amulet)
HPRegen  0.24/turn              H - ring of flight
MPRegen  0.10/turn              A - ring of Perfectionism {rN+ MR- Str+6 Dex+5}

@: slowed, very slow
A: retaliatory headbutt, horns 2
a: Berserk, Trog's Hand, Brothers in Arms, Burn Spellbooks, Renounce Religion,
Evoke Flight


You were in the Dungeon.
You worshipped Trog.
Trog was greatly pleased with you.
You were not hungry.

You visited 1 branch

Inventory:

Hand Weapons
 l - a +5 executioner's axe
 m - a +9 demon trident (weapon)
Armour
 j - +5 shadow dragon scales (worn)
 k - a +3 large shield (worn)
Jewellery
 A - the ring of Perfectionism (right hand) {rN+ MR- Str+6 Dex+5}
   (You found it in the Dungeon)

   [ring of positive energy]

   It affects your strength (+6).
   It affects your dexterity (+5).
   It protects you from negative energy.
   It affects your resistance to hostile enchantments.
 H - a ring of flight (left hand)
Wands
 y - a wand of disintegration (7)
 z - a wand of iceblast (7)
Scrolls
 i - 4 scrolls of blinking
 n - 7 scrolls of fog
 o - a scroll of holy word
 p - 5 scrolls of identify
 q - 5 scrolls of remove curse
 r - 2 scrolls of fear
Potions
 d - 10 potions of curing
 e - 10 potions of heal wounds
 f - 6 potions of haste
 g - 7 potions of magic
 h - 3 potions of berserk rage
 s - 2 potions of brilliance
 t - 2 potions of invisibility
 u - 4 potions of resistance
 v - a potion of experience
 w - 5 potions of agility
 x - 5 potions of might
Miscellaneous
 a - a lamp of fire
Comestibles
 b - 6 chunks of flesh
 c - 7 rations


   Skills:
 + Level 12.8 Fighting
 + Level 12.7(13.4) Axes
 + Level 7.3(11.0) Polearms
 + Level 7.5 Armour
 + Level 6.8 Dodging
 + Level 2.2 Shields


You had 7 spell levels left.
You didn't know any spells.

Dungeon Overview and Level Annotations

Branches:
Dungeon (1/1)

Altars:
Ashenzari
Cheibriados
Dithmenos
Elyvilon
Fedhas
Gozag
Hepliaklqana
Kikubaaqudgha
Makhleb
Nemelex Xobeh
Okawaru
Qazlal
Ru
Sif Muna
Trog
Uskayaw
Vehumet
Wu Jian
Xom
Yredelemnul
Zin
The Shining One
Beogh
Jiyva
Lugonu

Annotations:
D 1 transporter


Innate Abilities, Weirdness & Mutations

You reflexively headbutt those who attack you in melee.
You have a pair of horns on your head.


Message History

No target in view!
Unknown command.
No target in view!
Unknown command.
Something hits you but does no damage.
You hit something. You headbutt something.
Something hits you but does no damage.
You puncture something! You headbutt something. Something hits you! x2
Something drains your vigour!
You feel as though you will be slow longer.
You impale something!! You headbutt something.
Something hits you but does no damage.
You barely miss something. Something hits you!
* * * LOW HITPOINT WARNING * * *
Something drains your vigour!
You feel as though you will be slow longer.
You hit something. Your headbutt misses something.
Something hits you but does no damage. You block something's attack.
You hit something. You headbutt something! Something hits you!
You die...

▓.[...▓.....▓..©..▓
▓..©..▓..©..▓▓▓▓▓▓▓
▓▓▓▓▓▓▓▓▓▓▓▓▓▓
▓..8©8...▓
▓...|[...▓
▓...[....▓
▓........▓
▓..{|....▓
▓.▓@...▓.▓
▓...©....▓
▓▓▓▓▓▓▓▓▓▓


There were no monsters in sight!

Vanquished Creatures
  2 ugly things (D)
  A ynoxinul (D)
  2 black bears (D)
  A wolf (D)
  2 iron imps (D)
  2 orc priests (D)
  An orc wizard (D)
  An orc (D)
12 creatures vanquished.

Notes
Turn   | Place    | Note
-------+----------+-------------------------------------------
     0 | D        | Found the +6 Majin-Bo {vamp, Archmagi MP+6 Int+6}
     0 | D        | Found the +7 great mace "Firestarter" {inner flame, rF++}
     0 | D        | Fang the Minotaur Berserker began the quest for the Orb.
     0 | D        | Reached XP level 1. HP: 19/19 MP: 0/0
     3 | D        | Found a blossoming altar of Fedhas.
     5 | D        | Found a viscous altar of Jiyva.
     5 | D        | Found a hazy altar of Hepliaklqana.
     5 | D        | Found a transporter.
     5 | D        | Found an opulent altar of Gozag.
     5 | D        | Found an ancient bone altar of Kikubaaqudgha.
     5 | D        | Found a corrupted altar of Lugonu.
    11 | D        | Found a burning altar of Makhleb.
    14 | D        | Found a sacrificial altar of Ru.
    14 | D        | Found a deep blue altar of Sif Muna.
    14 | D        | Found a stormy altar of Qazlal.
    14 | D        | Found a bloodstained altar of Trog.
    14 | D        | Found an iron altar of Okawaru.
    14 | D        | Found a sparkling altar of Nemelex Xobeh.
    82 | D        | Entered arena 2.
    82 | D        | Noticed a brown ugly thing
    82 | D        | Noticed a red ugly thing
    82 | D        | Found a transporter.
    87 | D        | Killed a brown ugly thing
    87 | D        | Reached skill level 10 in Fighting
    87 | D        | Reached skill level 10 in Axes
    87 | D        | Reached skill level 5 in Armour
    87 | D        | Reached skill level 5 in Dodging
    87 | D        | Reached XP level 2. HP: 38/38 MP: 1/1
    87 | D        | Reached XP level 3. HP: 45/45 MP: 2/2
    87 | D        | Reached XP level 4. HP: 51/51 MP: 3/3
    87 | D        | Reached XP level 5. HP: 58/58 MP: 4/4
    87 | D        | Reached XP level 6. HP: 66/66 MP: 5/5
    93 | D        | Killed a red ugly thing
    93 | D        | Reached skill level 5 in Polearms
    93 | D        | Reached XP level 7. HP: 75/75 MP: 6/6
   133 | D        | Entered arena 3.
   133 | D        | Found a transporter.
   137 | D        | Reached ** piety under Trog
   152 | D        | Got the ring of Perfectionism {rN+ MR- Str+6 Dex+5}
   162 | D        | Entered arena 4.
   162 | D        | Found a transporter.
   163 | D        | Found the cursed -5 robe of Misfortune {-Cast *Contam *Tele *Drain EV-5 Stlth-- *Curse}
   168 | D        | Reached XP level 8. HP: 85/85 MP: 7/7
   170 | D        | Reached *** piety under Trog
   170 | D        | Reached skill level 1 in Shields
   202 | D        | Entered arena 5.
   202 | D        | Found a transporter.
   206 | D        | Reached **** piety under Trog
   217 | D        | Slain by a shadow wraith

Skill      XL: |  1  2  3  4  5  6  7  8 |
---------------+-------------------------+-----
Fighting       | 10 11 12 | 12.8
Axes           | 10 12 | 12.7
Polearms       | 3 5 6 7 |  7.3
Armour         | 5 6 7 |  7.5
Dodging        | 5 6 |  6.8
Shields        | 2 |  2.2

Action                   |  1- 3 |  4- 6 |  7- 9 || total
-------------------------+-------+-------+-------++-------
Melee: Demon trident     |     4 |     6 |    30 ||    40
       Headbutt          |     1 |     2 |     9 ||    12
Invok: Berserk           |     1 |       |       ||     1
  Use: Scroll            |       |       |     4 ||     4
Armor: Shadow dragon sca |     3 |     2 |    18 ||    23
Dodge: Dodged            |       |       |     4 ||     4
Block: Large shield      |     1 |     3 |    28 ||    32
